AoeStats
← HermanSeGerman

Arabia

508710814Analyzed
2v2 RM · 9d ago on Sep 23, 2026· 46m 58s· 4 players
Game mode
Random Map
Map size
Medium (4 player)
Population
200
Speed
Normal
Resources
Standard
Victory
Conquest
Starting age
Dark Age
Ending age
Imperial Age
RankedLock teamsTeams togetherTeam positionsShared explorationLock speedFull tech treeHidden civsTurbo modeCheats
Victory
Defeat
🇩🇪 Varangians · Germany
1423
+13
🇩🇪 Britons · Germany
1264
+21
🇦🇷 Danes · Argentina
1389
-18
🇦🇷 Portuguese · Argentina
1330
-16
MampeJr
6:43 Loom
9:06 Feudal Age
9:43 Double-Bit Axe
9:38 Horse Collar
19:06 Castle Age
17:46 Gold Mining
18:07 Bloodlines
19:19 Scale Barding Armor
28:46 Chain Barding Armor
30:03 Bow Saw
30:38 Heavy Plow
31:16 Forging
36:18 Wheelbarrow
38:30 Imperial Age
36:37 Wheelbarrow
37:00 Stone Mining
40:02 Stone Shaft Mining
39:43 Husbandry
40:20 Plate Barding Armor
39:08 Cavalier
40:25 Iron Casting
43:52 Blast Furnace
43:29 Vendel Legacy
44:30 Conscription
HermanSeGerman
12:12 Feudal Age
12:53 Double-Bit Axe
13:12 Gold Mining
19:34 Fletching
19:55 Loom
20:15 Horse Collar
25:47 Castle Age
26:22 Crossbowman
27:08 Bodkin Arrow
27:14 Padded Archer Armor
28:00 Bow Saw
33:24 Heavy Plow
42:08 Ballistics
44:32 Imperial Age
42:38 Wheelbarrow
45:20 Bracer
44:42 Arbalester
47:47 Two-Man Saw
47:13 Leather Archer Armor
48:36 Chemistry
Wallyfly
6:28 Loom
9:03 Feudal Age
9:45 Double-Bit Axe
11:35 Horse Collar
20:38 Fletching
20:48 Padded Archer Armor
26:43 Castle Age
25:01 Gold Mining
27:33 Wheelbarrow
31:48 Imperial Age
30:27 Stone Mining
34:11 Chemistry
34:35 Conscription
37:33 Elite Organ Gun
39:18 Bow Saw
40:02 Hand Cart
39:54 Arquebus
42:55 Heavy Plow
43:05 Pikeman
43:35 Halberdier
CTM | El Inadecuado
8:06 Loom
10:22 Feudal Age
14:06 Castle Age
32:01 Forging
Connection lost

Rejoining the realm…

Still unreachable

The connection could not be restored.

Session expired

The server has moved on; the page needs a fresh start.